 Dungeon Crawl Stone Soup version 0.20-a0-454-g2b43fbb (webtiles) character file.

57 HeyBub the Skirmisher (level 3, -1/33 HPs)
             Began as a Minotaur Fighter on Jan 8, 2017.
             Succumbed to Sigmund's poison
             ... on level 3 of the Dungeon.
             The game lasted 00:01:56 (1250 turns).

HeyBub the Skirmisher (Minotaur Fighter)            Turns: 1250, Time: 00:01:57

Health: -1/33      AC:  7    Str: 21    XL:     3   Next: 73%
Magic:  2/2        EV: 12    Int:  5    God:
Gold:   211        SH:  0    Dex: 14    Spells: 2/2 levels left

rFire  . . .     SeeInvis .     a - +0 flail
rCold  . . .     Gourm    .     b - +0 scale mail
rNeg   . . .     Faith    .     c - +0 shield
rPois  .         Spirit   .     (helmet restricted)
rElec  .         Reflect  .     (no cloak)
rCorr  .         Harm     .     (no gloves)
MR     .....                    (no boots)
Stlth  ..........               (no amulet)
                                (no ring)
                                (no ring)

@: confused, agile, lethally poisoned (-1 -> -25)
A: retaliatory headbutt, horns 2
a: no special abilities


You were on level 3 of the Dungeon.
You were very hungry.

You visited 1 branch of the dungeon, and saw 3 of its levels.

You collected 211 gold pieces.

Inventory:

Hand Weapons
 a - a +0 flail (weapon)
Armour
 b - a +0 scale mail (worn)
 c - a +0 shield (worn)
Jewellery
 e - an uncursed ring of protection from fire {unknown}
 o - an uncursed ring of fire {unknown}
Wands
 v - a wand of lightning (4/15)
Scrolls
 g - a scroll of amnesia {unknown}
 i - a scroll of immolation {unknown}
 m - a scroll of enchant armour {unknown}
 p - a scroll of fog {unknown}
 q - 3 scrolls of remove curse {unknown}
 r - a scroll of blinking {unknown}
 t - a scroll of recharging {unknown}
Potions
 d - a potion of might
 j - a potion of resistance {unknown}
 l - a potion of haste
 n - a potion of brilliance {unknown}
 u - a potion of cancellation {unknown}
Comestibles
 f - 3 bread rations
 k - a meat ration
 s - a royal jelly


   Skills:
 + Level 4.3 Fighting
 + Level 3.3 Maces & Flails
 + Level 4.1 Armour
 + Level 4.2 Shields


You had 2 spell levels left.
You didn't know any spells.

Dungeon Overview and Level Annotations

Branches:
Dungeon (3/15)

Altars:

Annotations:
D:3 Sigmund


Innate Abilities, Weirdness & Mutations

You reflexively headbutt those who attack you in melee.
You have a pair of horns on your head.


Message History

Sigmund hits you but does no damage.
You are lethally poisoned!
You feel sick. The bat hits you. The bat hits you but does no damage.
Sigmund hits you from afar with a scythe of venom.
You are more poisoned.
The bat hits you but does no damage.
* * * LOW HITPOINT WARNING * * *
You feel sick. The bat hits you but does no damage.
The bat completely misses you. The bat hits you but does no damage. x2
Sigmund closely misses you.
* * * LOW HITPOINT WARNING * * *
You feel sick. The bat hits you but does no damage. x3
Sigmund casts a spell at you. The magic dart hits you!
* * * LOW HITPOINT WARNING * * *
* * * LOW HITPOINT WARNING * * *
You feel sick. The bat hits you but does no damage. x2
It was a potion of agility.
You feel agile all of a sudden.
You die...

..# #.# #.##.#
# . #. ... .#
..##.##.# .#
.[......#####.#
.###..........#
.........b@...#
........@..b..#
.........b....#
......".......#
..............#
♣.............#
..............#
..............#
...........#..#


You could see Sigmund and 3 bats.

Vanquished Creatures
  An adder (D:2)
  2 worms (D:2)
  4 giant cockroaches
  6 goblins
  4 hobgoblins
  8 jackals
  A ball python (D:2)
  3 bats
  A frilled lizard (D:2)
  4 kobolds
  5 rats (D:1)
39 creatures vanquished.

Notes
Turn   | Place    | Note
-------+----------+-------------------------------------------
     0 | D:1      | HeyBub the Minotaur Fighter began the quest for the Orb.
     0 | D:1      | Reached XP level 1. HP: 19/19 MP: 0/0
   292 | D:1      | Reached XP level 2. HP: 27/27 MP: 1/1
   699 | D:2      | Reached XP level 3. HP: 28/33 MP: 2/2
  1236 | D:3      | Noticed Sigmund
  1249 | D:3      | HP: 1/33 [poisoned by Sigmund]
  1250 | D:3      | Succumbed to Sigmund's poison

Vault maps used:
D:1:      roderic_crop_circles_arrival_small
D:2:      first_bread, hangedman_decor_clover_reticule, nrook_mini_backslash
D:3:      wad_river_or_something, chequers_ecumenical_altar_simple, uniq_sigmund

Skill      XL: |  1  2  3 |
---------------+----------+-----
Fighting       | 4 |  4.3
Shields        | 4 |  4.2
Maces & Flails | 3 |  3.3
Armour         | 4 |  4.1

Action                   || total
-------------------------++-------
Melee: Flail             ||    95
       Headbutt          ||    17
  Use: Potion            ||     1
Armor: Scale mail        ||    85
Dodge: Dodged            ||    47
Block: Shield            ||    64
